 Dungeon Crawl Stone Soup version 0.29.1-15-g9cfb28693d (webtiles) character file.

Game seed: 707740782885008189

487 BuddhaDhamma the Cleaver (level 6, -3/51 HPs)
             Began as a Minotaur Berserker on Mar 8, 2023.
             Was a Priest of Trog.
             Splashed by a jelly's acid (7 damage)
             ... on level 5 of the Dungeon.
             The game lasted 00:07:05 (4541 turns).

BuddhaDhamma the Cleaver (Minotaur Berserker)       Turns: 4541, Time: 00:07:06

Health: -3/51      AC: -4    Str: 20    XL:     6   Next: 89%
Magic:  14/14      EV:  8    Int:  4    God:    Trog [***...]
Gold:   244        SH:  0    Dex: 10    Spells: 5/5 levels left

rFire   . . .      SeeInvis .   a - +1 hand axe
rCold   + . .      Faith    .   (no shield)
rNeg    + . .      Spirit   .   o - +5 chain mail of Xamuit {rC+ rN+ MP+9 Str-3}
rPois   .          Reflect  .   (helmet restricted)
rElec   .          Harm     .   (no cloak)
rCorr   .          Rampage  .   g - +1 pair of gloves
Will    .....                   (no boots)
Stlth   ..........              (no amulet)
HPRegen 0.17/turn               (no ring)
MPRegen 0.14/turn               (no ring)

@: corroded
A: horns 2, retaliatory headbutt
a: Renounce Religion, Berserk, Trog's Hand


You were on level 5 of the Dungeon.
You worshipped Trog.
Trog was most pleased with you.
You visited 1 branch of the dungeon, and saw 5 of its levels.

You collected 244 gold pieces.

Inventory:

Hand Weapons
 a - a +1 hand axe (weapon)
Missiles
 i - a poisoned dart (quivered)
Armour
 g - a +1 pair of gloves (worn)
 o - the +5 chain mail of Xamuit (worn) {rC+ rN+ MP+9 Str-3}
   (You found it on level 2 of the Dungeon)

   Str:       It affects your strength (-3).
   rC:        It protects you from cold.
   rN:        It protects you from negative energy.
   MP:        It affects your magic capacity (+9).
 s - a +1 plate armour
Scrolls
 c - a scroll of enchant armour
 e - 2 scrolls of teleportation
 j - 3 scrolls of blinking
 r - a scroll of enchant weapon
Potions
 b - a potion of ambrosia {unknown}
 d - 2 potions of invisibility
 f - a potion of heal wounds
 l - a potion of degeneration {unknown}
 m - a potion of brilliance {unknown}
 n - 2 potions of mutation {unknown}
 p - 2 potions of curing
 t - a potion of magic {unknown}


   Skills:
 - Level 3.6 Fighting
 + Level 9.5 Axes
 - Level 2.4 Armour
 - Level 2.1 Dodging


You had 5 spell levels left.
You didn't know any spells.
Your spell library was empty.

Dungeon Overview and Level Annotations

Branches:
Dungeon (5/15)
 Temple: D:4-7

Altars:
Elyvilon
Qazlal
Xom


Innate Abilities, Weirdness & Mutations

You have a pair of horns on your head.
You reflexively headbutt those who attack you in melee.


Message History

The black bear bites you but does no damage.
The black bear claws you but does no damage. x2
You completely miss the jelly. Your headbutt misses the jelly.
The jelly is severely wounded.
You barely miss the black bear. The jelly hits you but does no damage.
The black bear completely misses you. The black bear claws you.
The black bear claws you but does no damage.
You hit the jelly but do no damage.
Your hands burn!
The jelly is severely wounded.
You hit the black bear but do no damage.
The jelly hits you but does no damage. The black bear barely misses you.
The black bear claws you but does no damage. x2
You hit the jelly but do no damage. The acid corrodes you!
Your hands burn!
The jelly is severely wounded.
You barely miss the black bear. The jelly closely misses you.
The black bear barely misses you. x2; The black bear claws you.
You barely miss the jelly. You headbutt the jelly.
The jelly is severely wounded.
You hit the black bear. You hit the jelly but do no damage.
The acid corrodes you!
Your hands burn!
The jelly is severely wounded.
You hit the black bear. The jelly hits you.
You are splashed with acid!
The black bear barely misses you. The black bear closely misses you.
The black bear claws you.
You hit the jelly but do no damage. The acid corrodes you!
Your hands burn!
The jelly is severely wounded.
You hit the black bear but do no damage.
The jelly hits you. The acid corrodes you!
You are splashed with acid!
* * * LOW HITPOINT WARNING * * *
The black bear bites you.
* * * LOW HITPOINT WARNING * * *
The black bear barely misses you. The black bear claws you.
* * * LOW HITPOINT WARNING * * *
You hit the jelly but do no damage.
Your hands burn!
* * * LOW HITPOINT WARNING * * *
The jelly is severely wounded.
You barely miss the black bear. The jelly hits you.
* * * LOW HITPOINT WARNING * * *
You are splashed with acid!
You die...

#.# #..####.......# ≈≈ #.#
#...........≈≈#§.§≈ #.#
#........#.§§§#§§.§ #.#
#........#..§≈§≈§≈ #.#
#........#.§§≈#§### ####.#
#........#....≈§§.≈
.....#####........#..≈...≈.§
.................h#.?...§.§§
................@J..#....§..
.......####...#######.......
.......#.......####.........
......#..###........#.......
##...........#.######.......
##.....#.###.#..# #......
...).....^....#.# #.....
.#....######..#.#
.#.#...#####..#..


You could see a black bear and a jelly.

Vanquished Creatures
  Eustachio (D:5)
  A scorpion (D:5)
  An orc priest (D:4)
  Jessica (D:3)
  3 orc wizards (D:4)
  5 adders
  2 dart slugs
  7 orcs
  5 ball pythons
  5 endoplasms
  3 giant cockroaches
  9 goblins
  8 hobgoblins
  5 jackals
  6 quokkas
  5 bats
  3 frilled lizards
  9 kobolds
  8 rats
87 creatures vanquished.

Vanquished Creatures (others)
  An orc wizard (D:4)
1 creature vanquished.

Grand Total: 88 creatures vanquished

Notes
Turn   | Place    | Note
-------+----------+-------------------------------------------
     0 | D:1      | BuddhaDhamma the Minotaur Berserker began the quest for the
                  | Orb.
     0 | D:1      | Reached XP level 1. HP: 19/19 MP: 0/0
   146 | D:1      | Reached skill level 4 in Axes
   149 | D:1      | Reached XP level 2. HP: 24/26 MP: 1/1
   923 | D:1      | Reached skill level 5 in Axes
   963 | D:2      | Reached ** piety under Trog
  1067 | D:2      | Reached XP level 3. HP: 27/31 MP: 2/2
  1717 | D:2      | Identified the +5 chain mail of Xamuit {rC+ rN+ MP+9 Str-3}
  1864 | D:2      | Reached skill level 6 in Axes
  1864 | D:2      | Reached XP level 4. HP: 39/39 MP: 3/3
  2349 | D:3      | Noticed Jessica
  2355 | D:3      | Killed Jessica
  2474 | D:3      | Found a shimmering altar of Xom.
  2531 | D:3      | Reached *** piety under Trog
  2804 | D:3      | Found a faded altar of an unknown god.
  3035 | D:3      | Found a white marble altar of Elyvilon.
  3338 | D:4      | Reached skill level 7 in Axes
  3338 | D:4      | Reached XP level 5. HP: 45/45 MP: 4/4
  3607 | D:4      | Reached skill level 8 in Axes
  3621 | D:4      | Reached XP level 6. HP: 34/51 MP: 5/5
  4366 | D:5      | Entered Level 5 of the Dungeon
  4430 | D:5      | Noticed Eustachio
  4455 | D:5      | Killed Eustachio
  4456 | D:5      | Reached skill level 9 in Axes
  4520 | D:5      | Found a stormy altar of Qazlal.
  4541 | D:5      | Splashed by a jelly's acid

Illustrated notes

Levels and vault maps discovered:
D:1:      minmay_arrival_semitransparent, layout_basic
D:2:      layout_basic
D:3:      layout_loops_cross, nicolae_elyvilon_temple_path,
          brannock_xom_greatest_gift, ebering_ecumenical_altar_box, uniq_jessica
D:4:      nicolae_cairo_tiling_large, layout_gridville
D:5:      layout_rooms, nicolae_qazlal_general_emergency, uniq_eustachio

Skill      XL: |  1  2  3  4  5  6 |
---------------+-------------------+-----
Axes           | 4 5 6 7 8 9 |  9.5
Fighting       | |  3.6
Armour         | |  2.4
Dodging        | |  2.1

Action                   |  1- 3 |  4- 6 || total
-------------------------+-------+-------++-------
Melee: Hand axe          |    75 |   143 ||   218
       Headbutt          |    10 |    29 ||    39
Throw: Dart              |     5 |       ||     5
Invok: Berserk           |       |     3 ||     3
  Use: Scroll            |       |    12 ||    12
       Potion            |       |     2 ||     2
 Stab: Sleeping          |     3 |       ||     3
Armor: Animal skin       |    12 |       ||    12
       Chain mail        |     6 |   105 ||   111
Dodge: Dodged            |    43 |    57 ||   100
